 Dungeon Crawl Stone Soup version 0.31-a0-700-gf13585253f (webtiles) character file.

Game seed: 16653200445887230988

38 qw the Shooter (level 3, 0/22 HPs)
             Began as a Gargoyle Hunter on Sept 7, 2023.
             Slain by a goblin
             ... wielding a +0 club
             ... led by Robin
              (4 damage)
             ... on level 1 of the Dungeon.
             The game lasted 00:00:25 (737 turns).

qw the Shooter (Gargoyle Hunter)                     Turns: 737, Time: 00:00:26

Health: 0/22       AC:  8    Str: 14    XL:     3   Next: 43%
Magic:  3/3        EV: 10    Int:  9    God:
Gold:   91         SH:  0    Dex: 15    Spells: 2/2 levels left

rFire   . . .        Y - +0 shortbow (drain)
rCold   . . .        (shield currently unavailable)
rNeg    + . .        f - +0 ring mail
rPois   inf          (no helmet)
rElec   +            (no cloak)
rCorr   .            (no gloves)
SInv    .            (no boots)
Will    .....        (no amulet)
Stlth   +            (no ring)
HPRegen 0.23/turn    (no ring)
MPRegen 0.08/turn

%: no passive effects
@: no status effects
A: sickness immunity, AC +3, negative energy resistance 1, electricity
resistance, torment resistance 1, petrification resistance
a: no special abilities


You were on level 1 of the Dungeon.
You visited 1 branch of the dungeon, and saw 2 of its levels.

You collected 91 gold pieces.


Innate Abilities, Weirdness & Mutations

You are immune to sickness and miasma.
Your stone body is resilient. (AC +3)
You are immune to poison.
You resist negative energy. (rN+)
You are resistant to electric shocks. (rElec)
You are resistant to unholy torment.
You are immune to petrification.


   Skills:
 - Level 2.4 Fighting
 - Level 5.0 Ranged Weapons
 + Level 0.4 Armour
 - Level 1.5 Dodging
 - Level 1.1 Stealth


You had 2 spell levels left.
You didn't know any spells.
Your spell library was empty.

Inventory:

Hand Weapons
 Y - a +0 shortbow of draining (weapon)
Armour
 f - a +0 ring mail (worn)
Potions
 d - a potion of degeneration {unknown}

Dungeon Overview and Level Annotations

Branches:
Dungeon (2/15)

Altars:

Annotations:
D:2 Robin


Message History

The jackal barely misses you. The goblin hits you but does no damage.
The goblin hits you with a +0 dagger. The goblin closely misses you.
The goblin hits you but does no damage. The goblin hits you with a +0 dagger.
The jackal barely misses you.
You shoot an arrow. The arrow closely misses the goblin.
The jackal closely misses you. The goblin barely misses you.
The goblin hits you but does no damage. x3
The goblin hits you with a +0 dagger.
The jackal bites you but does no damage.
The goblin barely misses you. The goblin hits you but does no damage.
The goblin barely misses you. x2; The goblin hits you but does no damage.
You shoot an arrow. The arrow closely misses the goblin.
The jackal bites you.
The goblin hits you but does no damage. x2
The jackal barely misses you.
The goblin hits you but does no damage. x2
The goblin barely misses you.
You shoot an arrow. The arrow barely misses the goblin.
The jackal bites you. The goblin hits you but does no damage.
The goblin barely misses you. The goblin hits you but does no damage.
The goblin completely misses you. The goblin hits you but does no damage.
The jackal bites you.
You shoot an arrow. The arrow barely misses the goblin.
The jackal bites you but does no damage.
The goblin barely misses you. The goblin hits you but does no damage.
The goblin hits you with a +0 dagger.
The goblin hits you but does no damage. x2
The jackal bites you.
The goblin hits you but does no damage. x2
The goblin closely misses you. The goblin barely misses you.
The goblin hits you with a +0 dagger.
You shoot an arrow. The arrow hits the goblin.
The goblin is moderately wounded.
The jackal closely misses you. The goblin hits you but does no damage.
The goblin misses you. The goblin hits you but does no damage.
The goblin closely misses you. x2
The jackal bites you but does no damage.
You shoot an arrow. The arrow hits the goblin.
You kill the goblin!
The jackal bites you.
The goblin hits you but does no damage. x2
The goblin closely misses you. The goblin hits you but does no damage.
You shoot an arrow. The arrow barely misses the goblin.
The jackal barely misses you. The goblin hits you with a +0 club.
You die...

##########...#.#
#....).#.......##########
########.####.#.................
#..%)....#.................#####
#.#%....##....#.#........#######
#.#.....+.......................
#.#..[..#..........#..##.#######
#.###.........gg)....#..........
#.#...........h@)...............
#.#.#####..[..gg.#..............
#.#..............^######.#######
#.############....# #........
#.# #(...##########..#. #.#
#....#(.......#..#. #.#
####.#...%###....#.
#%###############.#....# ###..##
#......................# ##.##


You could see a jackal and 4 goblins.

Vanquished Creatures
  A dart slug (D:1)
  5 ball pythons (D:1)
  3 endoplasms (D:1)
  A giant cockroach (D:1)
  4 goblins (D:1)
  3 hobgoblins (D:1)
  5 quokkas (D:1)
  2 bats (D:1)
  2 frilled lizards (D:1)
  2 kobolds (D:1)
  5 rats (D:1)
33 creatures vanquished.

Notes
Turn   | Place    | Note
-------+----------+-------------------------------------------
     0 | D:1      | qw the Gargoyle Hunter began the quest for the Orb.
     0 | D:1      | Reached XP level 1. HP: 12/12 MP: 1/1
     0 | D:1      | 0 ||| qw: Version: 0.3-a-76-g4403597
     0 | D:1      | 0 ||| qw: Game counter: 685
     0 | D:1      | 0 ||| qw: Melee chars always use a shield: true
     0 | D:1      | 0 ||| qw: God list: Okawaru
     0 | D:1      | 0 ||| qw: Allow faded altars: false
     0 | D:1      | 0 ||| qw: Do Orc after clearing Dungeon:15 true
     0 | D:1      | 0 ||| qw: Do second Lair branch before Depths: true
     0 | D:1      | 0 ||| qw: Lair rune preference: random
     0 | D:1      | 0 ||| qw: Goals: Normal
     0 | D:1      | 0 ||| PLANNING D:1-11
    72 | D:1      | Reached XP level 2. HP: 17/17 MP: 2/2
   176 | D:1      | HP: 4/17 [quokka (1)]
   181 | D:1      | HP: 2/17 [rat (1)]
   322 | D:1      | Reached XP level 3. HP: 21/21 MP: 3/3
   354 | D:1      | Reached skill level 5 in Ranged Weapons
   671 | D:1      | 671 ||| UPGRADING to +0 ring mail.
   681 | D:1      | 681 ||| DROPPING +0 leather armour.
   682 | D:1      | 682 ||| READING scroll labelled ATRASAN QUOSH.
   683 | D:1      | 683 ||| READING scroll labelled WOLUCOCZEMM.
   697 | D:1      | 697 ||| READING scroll labelled RUZOEGH YMIUDI.
   698 | D:1      | 698 ||| READING scroll labelled OTIUNO ZAOGICI.
   699 | D:1      | 699 ||| DROPPING scroll of butterflies.
   720 | D:2      | Noticed Robin
   721 | D:2      | 721 ||| STAIRDANCE
   728 | D:2      | 728 ||| STAIRDANCE
   734 | D:1      | HP: 5/22 [goblin/+0 dagger[Robin] (3)]
   737 | D:1      | Slain by a goblin

Levels and vault maps discovered:
D:1:      psy_arrival_whirlpool, layout_basic
D:2:      layout_loops_ring, serial_shops, nicolae_shop_advertising_works
          [nicolae_subvault_shop_adworks], uniq_robin

Skill      XL: |  1  2  3 |
---------------+----------+-----
Ranged Weapons | 5 |  5.0
Fighting       | |  2.4
Armour         | |  0.4
Dodging        | |  1.5
Stealth        | |  1.1

Action                     || total
---------------------------++-------
   Fire: Shortbow          ||   112
    Use: Scroll            ||     4
 Armour: Leather armour    ||    45
         Ring mail         ||    45
  Dodge: Dodged            ||    66

Table legend:
 A = Non-vault XP
 B = Vault XP
 C = Vault XP percentage of total XP
 D = Non-vault monster count
 E = Vault monster count
 F = Vault count percentage of total count
                 A         B        C        D         E       F
            +---------+---------+-------+---------+---------+-------
      Total |      49 |       6 |  10.9 |      30 |       3 |   9.1
            +---------+---------+-------+---------+---------+-------
        D:1 |      49 |       6 |  10.9 |      30 |       3 |   9.1
            +---------+---------+-------+---------+---------+-------
